 Dungeon Crawl Stone Soup version 0.16-a0-2702-gfff482a (webtiles) character file.

152336 Gorice the Fighter (level 17, -10/138 HPs)
             Began as a Demonspawn Wanderer on Nov 23, 2014.
             Mangled by a lich (11 damage)
             ... on level 1 of the Depths on Nov 25, 2014.
             The game lasted 06:31:25 (47668 turns).

Gorice the Fighter (Demonspawn Wanderer)           Turns: 47668, Time: 06:31:26

Health: -10/138    AC: 22    Str: 14    XL:     17   Next: 2%
Magic:  27/27      EV: 23    Int: 17    God:
Gold:   1026       SH:  6    Dex: 21    Spells: 4 memorised, 14 levels left

rFire  . . .     SeeInvis .     a - +3 falchion of the Wasteland {flame, MR+ Str+1 Dex+2}
rCold  + . .     Clarity  .     q - +5 scale mail of Ethics {rElec rCorr}
rNeg   . . .     SustAb   .     K - +0 buckler
rPois  +         Gourm    +     (helmet restricted)
rElec  +         Spirit   .     t - +2 cloak {rPois}
rCorr  +         Warding  .     Z - +2 pair of gloves {Dex+3}
rMut   .         Stasis   .     V - +0 pair of boots
MR     ++...                    u - amulet of the gourmand
Stlth  ++........               G - ring of ice
                                X - +3 ring of evasion

@: repel missiles, drained, very resistant to hostile enchantments, unstealthy
A: horns 2, repulsion field 3, fire resistance 1, foul stench 1, spiny 1, rot
immunity
a: no special abilities


You were on level 1 of the Depths.
You were full.

You visited 7 branches of the dungeon, and saw 32 of its levels.
You also visited: Labyrinth and Sewer.

You collected 3656 gold pieces.
You spent 2630 gold pieces at shops.

Inventory:

Hand weapons
 a - the +3 falchion of the Wasteland (weapon) {flame, MR+ Str+1 Dex+2}
   (You found it on level 2 of the Spider Nest)

   It emits flame when wielded, causing extra injury to most foes and up to
   double damage against particularly susceptible opponents.
   Big, fiery blades are also staple armaments of hydra-hunters.
   It affects your strength (+1).
   It affects your dexterity (+2).
   It affects your resistance to hostile enchantments.
 e - a +1 rapier of electrocution
 p - a +3 dagger of protection
 v - a +2 war axe of electrocution
 A - a +4 double sword
 B - a +0 blowgun
Missiles
 f - 22 steel javelins (quivered)
 r - 76 poisoned needles
 x - 4 curare-tipped needles
 H - 8 javelins
Armour
 q - the +5 scale mail of Ethics (worn) {rElec rCorr}
   (You bought it in a shop on level 2 of the Orcish Mines)

   It insulates you from electricity.
   It protects you from acid and corrosion.
 t - a +2 cloak of poison resistance (worn)
 K - a +0 buckler (worn)
 V - a +0 pair of boots (worn)
 Z - a +2 pair of gloves of dexterity (worn)
Magical staves
 P - an uncursed staff of poison
Jewellery
 b - an uncursed ring of magical power
 d - a +5 ring of strength
 o - an uncursed ring of positive energy
 u - an amulet of the gourmand (around neck)
 C - an uncursed amulet of resist mutation
 G - a ring of ice (right hand)
 J - an uncursed amulet of warding
 O - an uncursed ring of protection from magic
 W - an uncursed ring of invisibility
 X - a +3 ring of evasion (left hand)
Magical devices
 c - a wand of digging (12)
 h - a wand of teleportation (2)
 i - a wand of draining (0)
 j - a wand of disintegration (14)
 s - a wand of fire (0)
 E - a wand of teleportation (9)
 Y - a wand of confusion (10)
Scrolls
 g - a scroll of fear
 l - a scroll of enchant weapon
 m - 4 scrolls of identify
 w - 2 scrolls of teleportation
 y - 7 scrolls of remove curse
 D - 2 scrolls of blinking
 M - 7 scrolls of fog
Potions
 N - 2 potions of cancellation
 S - a potion of might
 T - 3 potions of curing
Miscellaneous
 L - a lantern of shadows
Comestibles
 k - 12 meat rations
 n - 27 fruits


   Skills:
 - Level 13.6(13.2) Fighting
 - Level 12.0(12.1) Short Blades
 + Level 6.2(9.7) Long Blades
 - Level 12.3(11.9) Armour
 - Level 12.1(11.7) Dodging
 - Level 5.1(4.8) Stealth
 - Level 5.1(4.8) Shields
 - Level 4.8(4.5) Spellcasting
   Level 1.0(0.7) Hexes
 + Level 11.7(11.4) Charms
 + Level 4.8(4.5) Translocations
 - Level 4.4(4.1) Poison Magic
 - Level 2.0(1.7) Evocations


You had 14 spell levels left.
You knew the following spells:

 Your Spells              Type           Power        Failure   Level  Hunger
a - Infusion              Chrm           #####.       1%          1    None
H - Haste                 Chrm           #####...     50%         6    #######
J - Blink                 Tloc           N/A          10%         2    ##.....
P - Cure Poison           Pois           ###.......   12%         2    ##.....


Dungeon Overview and Level Annotations

Branches:
Dungeon (15/15)            Temple (1/1) D:7            Lair (8/8) D:9
 Shoals (1/5) Lair:4       Spider (2/5) Lair:4        Slime (0/6) Lair:8
    Orc (4/4) D:10            Elf (0/3) Orc:4        Vaults (0/5) D:13
 Depths (1/5) D:15

Altars:
Ashenzari
Cheibriados
Dithmenos
Elyvilon
Fedhas
Gozag
Kikubaaqudgha
Makhleb
Nemelex Xobeh
Okawaru
Qazlal
Ru
Sif Muna
Trog
Vehumet
Xom
Yredelemnul
Zin
The Shining One
Beogh

Shops:
D:11 :   D:14 [   Orc:1 :   Orc:2 !([*   Orc:4 ??!!

Portals:
Hell: Lair:8

Annotations:
D:2 Terence
Spider:2 Norris
Depths:1 runed door, exclusion: orange crystal statue


Innate Abilities, Weirdness & Mutations

You have a pair of horns on your head.
You are surrounded by a strong repulsion field (EV +4, rMsl).
Your flesh is heat resistant.
You emit a foul stench.
You are partially covered in sharp spines.
You are immune to rotting.


Message History

Your shield and scale mail of Ethics prevent you from hitting something.
Your headbutt misses something. Something completely misses you.
You barely miss something. You headbutt something.
You hear some strange, mumbled words.
The bolt of cold hits you! You resist.
You hit something. You burn something.
You hear some strange, mumbled words.
The wavering orb of destruction weakly hits you!
You closely miss something.
You hear some strange, mumbled words.
The orb of energy hits you!
The orb of energy explodes!
You hit something but do no damage. Your headbutt misses something.
Something touches you but does no damage.
You hit something but do no damage. Your headbutt misses something.
You miss something.
You hear some strange, mumbled words.
The wavering orb of destruction weakly hits you!
* * * LOW HITPOINT WARNING * * *
You hit something but do no damage. Something touches you!
You die...

##.## #...#### #...##..
#...#... #..#...≈
##.##..≈
###########......≈
#{[(..............
#######@#######(>.......
##...##..(##...##(.......
#<.♣....♣('(.♣.>#........
##...##.).##...####......
#######)####### #.(....
##.## ##..... #...#
####.... #.♣.# #.......
#...# ##....≈..


There were no monsters in sight!

Vanquished Creatures
  Nikola (Shoals:1)
  A frost giant (Depths:1)
  Maud (Shoals:1)
  2 emperor scorpions (Depths:1)
  3 stone giants (Depths:1)
  2 dire elephants (Lair:8)
  5 rakshasas
  A merfolk javelineer (Depths:1)
  2 minotaurs
  A great orb of eyes (Depths:1)
  4 vault guards (D:13)
  Fannar (Lair:5)
  An ice dragon (Depths:1)
  7 ogre magi
  9 hydras
  6 centaur warriors
  2 tengu warriors (D:14)
  10 death yaks
  A sun demon (Lair:8)
  An orc high priest (Orc:3)
  5 skeletal warriors (D:12)
  A deep troll (shapeshifter) (D:15)
  A sea snake (Shoals:1)
  2 unseen horrors
  3 hill giants
  A giant orange brain (D:15)
  An orb spider (shapeshifter) (D:15)
  A wolf spider zombie (D:12)
  An orc knight (D:15)
  6 orb spiders
  17 ugly things
  11 harpies (Shoals:1)
  11 wolf spiders
  2 wizards
  6 cyclopes
  A water nymph (Shoals:1)
  4 griffons
  3 black mambas
  4 fauns (Shoals:1)
  2 manticores
  Maurice (D:8)
  6 elephants
  A torpor snail (Lair:8)
  2 sirens (Shoals:1)
  A smoke demon (Lair:8)
  12 spiny frogs
  2 gargoyles
  4 orange demons (Lair:8)
  2 kobold demonologists (D:14)
  Psyche (Orc:3)
  A demonic crawler (Spider:1)
  9 yaktaurs
  A tengu conjurer (D:10)
  5 komodo dragons
  5 trolls
  2 red devils (Lair:8)
  A hellwing (Lair:8)
  3 merfolk (Shoals:1)
  4 blue devils (Lair:8)
  15 two-headed ogres
  A polar bear (Lair:7)
  4 snapping turtles (Shoals:1)
  4 ravens
  8 jumping spiders
  A trapdoor spider zombie (D:12)
  32 slime creatures
  16 blink frogs
  A boulder beetle (Spider:2)
  9 tarantellas
  8 basilisks
  12 redbacks
  10 trapdoor spiders
  2 spriggans (Lair:7)
  A shadow (D:12)
  2 deep elf magi
  A vampire (Depths:1)
  5 water elementals
  3 wyverns
  A wraith (D:13)
  45 yaks
  2 hungry ghosts
  15 wolves
  A golden eye (shapeshifter) (D:15)
  16 hippogriffs
  A hog (Lair:1)
  A steam dragon (D:8)
  5 vampire mosquitoes
  3 nagas (Lair:3)
  3 wargs
  A hippogriff (shapeshifter) (Depths:1)
  A soldier ant (D:10)
  A black bear (Lair:7)
  17 ice beasts
  4 sky beasts
  6 phantoms
  10 spiders
  A necrophage (D:6)
  13 orc warriors
  4 porcupines
  A yellow wasp (D:11)
  8 water moccasins
  19 crocodiles
  41 ogres
  16 centaurs
  5 big kobolds
  3 gnoll sergeants
  A brain worm (Lair:8)
  27 giant frogs
  8 scorpions
  9 killer bees
  3 wights (D:14)
  5 crimson imps
  A giant frog zombie (D:11)
  3 electric eels
  23 orc priests
  A goliath beetle (D:10)
  2 jellies
  4 centaur zombies
  3 giant frog skeletons
  10 iguanas
  5 centaur skeletons
  15 hounds
  A killer bee zombie (D:11)
  An iron imp (Depths:1)
  14 worker ants
  19 orc wizards
  4 sheep (Lair:8)
  6 ogre zombies (D:10)
  Ijyb (D:2)
  An ogre skeleton (Orc:4)
  2 mummies (D:7)
  15 gnolls
  3 worker ant zombies
  21 river rats
  27 adders
  7 shadow imps
  5 giant mites
  5 worms
  5 adder zombies
  10 giant geckos
  4 oozes
  137 orcs
  2 ball pythons
  35 bats
  8 giant cockroaches
  28 hobgoblins
  15 jackals
  29 kobolds
  16 quokkas
  6 giant newts
  2 giant spores
  30 goblins
  A goblin skeleton (D:10)
  3 goblin zombies (D:10)
  A hobgoblin skeleton (D:10)
  3 hobgoblin zombies (D:10)
  2 orc skeletons (D:10)
  11 orc zombies
  A quokka skeleton (D:5)
  25 rats
  6 ballistomycetes
  2 bushes
  A fungus (Lair:8)
  2 plants
1223 creatures vanquished.

Vanquished Creatures (collateral kills)
  A blink frog (Lair:6)
  A black mamba skeleton (Lair:5)
  A water moccasin (Lair:5)
  A crocodile (Lair:2)
  A giant frog (Lair:2)
  An iguana (Lair:2)
  An adder (Lair:6)
  A hobgoblin (D:5)
8 creatures vanquished.

Vanquished Creatures (others)
  An ugly thing (Depths:1)
  2 death yak zombies (Lair:5)
  A deep elf mage (D:12)
  3 shadows (Shoals:1)
  A water moccasin zombie (Lair:6)
  2 giant frog zombies (Lair:6)
  2 river rats (Lair:4)
  An adder zombie (Lair:6)
  A quokka zombie (Lair:6)
14 creatures vanquished.

Grand Total: 1245 creatures vanquished

Notes
Turn   | Place    | Note
--------------------------------------------------------------
     0 | D:1      | Gorice, the Demonspawn Wanderer, began the quest for the Orb.
     0 | D:1      | Gorice set off with: a +2 dagger, a scroll of blinking, a potion of curing, a wand of random effects (15), a +0 robe, a bread ration
     0 | D:1      | Reached XP level 1. HP: 13/13 MP: 3/3
   257 | D:1      | Reached skill level 1 in Short Blades
   295 | D:1      | Gained mutation: You are immune to rotting. [demonic ancestry]
   295 | D:1      | Reached XP level 2. HP: 19/19 MP: 4/4
  1382 | D:1      | Gained mutation: You are partially covered in sharp spines. [demonic ancestry]
  1382 | D:1      | Reached XP level 3. HP: 24/24 MP: 6/6
  1517 | D:2      | Noticed Ijyb
  1534 | D:2      | Killed Ijyb
  1601 | D:2      | Gained mutation: You have a pair of small horns on your head. [demonic ancestry]
  1601 | D:2      | Reached XP level 4. HP: 17/30 MP: 7/7
  1644 | D:2      | Noticed Terence
  1742 | D:2      | Found a shadowy altar of Dithmenos.
  1799 | D:2      | Reached skill level 3 in Short Blades
  2406 | D:2      | Gained mutation: You are surrounded by a mild repulsion field (EV +2). [demonic ancestry]
  2406 | D:2      | Reached XP level 5. HP: 24/35 MP: 9/9
  2877 | D:3      | Found a glowing silver altar of Zin.
  3641 | D:4      | Reached skill level 4 in Short Blades
  3702 | D:4      | Noticed a phantom
  3876 | D:4      | Found a bloodstained altar of Trog.
  3876 | D:4      | Found a sacrificial altar of Ru.
  3918 | D:5      | Entered Level 5 of the Dungeon
  3935 | D:5      | Gained mutation: You have a pair of horns on your head. [demonic ancestry]
  3935 | D:5      | Reached XP level 6. HP: 32/41 MP: 10/10
  4812 | D:5      | Noticed an ice beast
  5210 | D:4      | Killed a phantom
  5281 | D:4      | Found a stormy altar of Qazlal.
  5450 | D:4      | Found a blossoming altar of Fedhas.
  5715 | D:5      | Noticed an ice beast
  5782 | D:5      | Gained mutation: Your flesh is heat resistant. [demonic ancestry]
  5782 | D:5      | Reached XP level 7. HP: 46/46 MP: 12/12
  5916 | D:5      | Killed an ice beast
  5916 | D:5      | Reached skill level 5 in Short Blades
  6200 | D:5      | Noticed a centaur
  6404 | D:5      | Killed a centaur
  6753 | D:5      | Killed an ice beast
  7164 | D:5      | Noticed an ogre
  7179 | D:5      | Killed an ogre
  7266 | D:5      | Found an iron altar of Okawaru.
  7310 | D:5      | Reached XP level 8. HP: 24/52 MP: 13/13
  7739 | D:6      | Reached skill level 5 in Dodging
  7739 | D:6      | Reached skill level 5 in Stealth
  7929 | D:6      | Found a glowing drain.
  7933 | Sewer    | Entered a sewer
  7998 | Sewer    | Reached skill level 6 in Short Blades
  8554 | D:6      | Found a white marble altar of Elyvilon.
  8562 | D:6      | Found a deep blue altar of Sif Muna.
  8886 | D:6      | Reached skill level 7 in Short Blades
  9616 | D:7      | Reached XP level 9. HP: 39/57 MP: 14/14
  9849 | D:7      | Found a staircase to the Ecumenical Temple.
  9940 | Temple   | Entered the Ecumenical Temple
 10474 | D:7      | Reached skill level 8 in Short Blades
 11427 | D:8      | Found a shattered altar of Ashenzari.
 11784 | D:8      | Reached skill level 9 in Short Blades
 11790 | D:8      | Noticed a hill giant
 11872 | D:8      | Killed a hill giant
 12320 | D:8      | Reached skill level 10 in Short Blades
 12399 | D:8      | Gained mutation: You are surrounded by a moderate repulsion field (EV +3). [demonic ancestry]
 12399 | D:8      | Reached XP level 10. HP: 58/63 MP: 16/16
 12519 | D:8      | Identified the Collected Works on Displaced Snow (You found it on level 8 of the Dungeon)
 12550 | D:8      | Got a brightly glowing war axe
 13422 | D:8      | Noticed Maurice
 13564 | D:8      | Got a heavily runed ring mail
 13575 | D:8      | Identified the +0 ring mail of Dim Light {rC+} (You found it on level 8 of the Dungeon)
 13946 | D:8      | Killed Maurice
 14208 | D:9      | Found a glowing golden altar of the Shining One.
 14496 | D:9      | Found a staircase to the Lair.
 14846 | Lair:1   | Entered Level 1 of the Lair of Beasts
 14871 | Lair:1   | Noticed a black mamba
 14874 | Lair:1   | Noticed an orb spider
 14874 | Lair:1   | a black mamba changed into an orb spider
 14876 | Lair:1   | an orb spider changed into a hog
 15342 | Lair:1   | Reached skill level 11 in Short Blades
 15351 | Lair:1   | Reached skill level 10 in Dodging
 15365 | Lair:1   | Reached XP level 11. HP: 44/68 MP: 17/17
 15703 | Lair:1   | Reached skill level 1 in Fighting
 16896 | Lair:1   | You fall through a shaft!
 18042 | Lair:2   | Noticed an eight-headed hydra
 18254 | D:10     | Entered Level 10 of the Dungeon
 18662 | D:10     | Found a staircase to the Orcish Mines.
 18730 | D:10     | Reached skill level 5 in Fighting
 19223 | Orc:1    | Entered Level 1 of the Orcish Mines
 19425 | Orc:1    | Reached skill level 12 in Short Blades
 19467 | Orc:1    | Found a roughly hewn altar of Beogh.
 19576 | Orc:1    | Found Blacuad's Book Shop.
 19855 | Orc:2    | Found Arphouw's Antique Armour Shoppe.
 19866 | Orc:2    | Bought a jewelled scale mail for 297 gold pieces
 19903 | Orc:2    | Found Shruinun's General Store.
 20048 | Orc:2    | Found Umnom's Distillery.
 20293 | Orc:2    | Gained mutation: You are surrounded by a strong repulsion field (EV +4, rMsl). [demonic ancestry]
 20293 | Orc:2    | Reached XP level 12. HP: 70/86 MP: 18/18
 20307 | Orc:2    | Found Azailin's Antique Weapon Emporium.
 20353 | Orc:2    | Bought a translucent great sword for 264 gold pieces
 20443 | Orc:2    | Bought a potion of haste for 130 gold pieces
 20443 | Orc:2    | Bought a potion of mutation for 32 gold pieces
 20443 | Orc:2    | Bought a potion of cancellation for 104 gold pieces
 20500 | Orc:1    | Identified the +5 scale mail of Ethics {rElec rCorr} (You bought it in a shop on level 2 of the Orcish Mines)
 20566 | Orc:2    | Bought a runed great sword for 149 gold pieces
 20777 | Lair:3   | Found a bloodstained altar of Trog.
 20861 | Lair:3   | Reached skill level 1 in Armour
 20972 | Lair:3   | Found a staircase to the Snake Pit.
 22115 | Lair:4   | Found a staircase to the Shoals.
 22115 | Lair:4   | Noticed a seven-headed hydra
 22200 | Lair:4   | Found a hole to the Spider Nest.
 22483 | Lair:4   | Killed a seven-headed hydra
 22934 | Lair:4   | Upgraded the game from 0.16-a0-2652-gd333f3b to 0.16-a0-2675-g216447c
 23082 | Lair:5   | Noticed Fannar
 23136 | Lair:5   | Killed Fannar
 23136 | Lair:5   | Reached skill level 5 in Armour
 23182 | Lair:5   | Noticed a six-headed hydra
 23182 | Lair:5   | Noticed a four-headed hydra
 23208 | Lair:5   | Found a frozen archway.
 23955 | Lair:4   | Reached XP level 13. HP: 28/101 MP: 19/19
 23961 | Lair:4   | HP: 2/101 [death yak (17)]
 24397 | D:11     | Found Amoenos' Book Shoppe.
 25307 | D:11     | Reached skill level 10 in Fighting
 25971 | Orc:3    | Noticed Psyche
 25988 | Orc:3    | Killed Psyche
 26527 | Orc:3    | Found a bloodstained altar of Trog.
 26614 | Orc:4    | Entered Level 4 of the Orcish Mines
 26694 | Orc:4    | Found a labyrinth entrance.
 26745 | Lab      | Entered a labyrinth
 27061 | Lab      | Got a pitted cloak
 27072 | Lab      | Identified the cursed -1 cloak of Yhaucuusk {SInv} (You found it in a labyrinth)
 27249 | Orc:4    | Found a staircase to the Elven Halls.
 27410 | Orc:4    | Reached skill level 10 in Armour
 27532 | Orc:4    | Found Ruunto Twek's Distillery.
 27533 | Orc:4    | Found Yruux's Magic Scroll Boutique.
 27537 | Orc:4    | Found Cunuicue's Distillery.
 27537 | Orc:4    | Found Blacs' Magic Scroll Shoppe.
 27742 | Orc:4    | Bought a potion of heal wounds for 55 gold pieces
 27742 | Orc:4    | Bought a potion of heal wounds for 55 gold pieces
 27744 | Orc:4    | Bought a potion of curing for 48 gold pieces
 27744 | Orc:4    | Bought a potion of curing for 48 gold pieces
 27746 | Orc:4    | Bought a scroll of remove curse for 42 gold pieces
 27748 | Orc:4    | Bought a scroll of remove curse for 39 gold pieces
 28053 | Lair:5   | Reached skill level 1 in Shields
 28080 | Lair:5   | Reached skill level 1 in Long Blades
 28466 | Lair:5   | Killed a six-headed hydra
 28477 | Lair:5   | Killed a four-headed hydra
 28923 | Lair:6   | Reached XP level 14. HP: 24/110 MP: 20/20
 29551 | Lair:2   | Killed an eight-headed hydra
 30080 | Lair:7   | Got a faintly glowing ring mail
 30590 | Lair:7   | Found a deep blue altar of Sif Muna.
 30763 | Lair:6   | Identified the +1 ring mail "Skuc Pnu" {rF+} (You found it on level 7 of the Lair of Beasts)
 31185 | Lair:8   | Entered Level 8 of the Lair of Beasts
 31339 | Lair:8   | Identified Vaysakka's Witchcraft, Part One
 31468 | Lair:8   | Found a staircase to the Slime Pits.
 31554 | Lair:8   | Reached skill level 5 in Shields
 32425 | Lair:8   | Found a burning altar of Makhleb.
 32683 | Lair:8   | Found a gateway to Hell.
 33174 | Lair:1   | Learned a level 6 spell: Haste
 33257 | D:12     | Reached skill level 1 in Charms
 34700 | D:13     | Gained mutation: You emit a foul stench. [demonic ancestry]
 34700 | D:13     | Reached XP level 15. HP: 110/118 MP: 21/21
 35141 | D:13     | Reached skill level 5 in Charms
 35165 | D:13     | Found a gate to the Vaults.
 36264 | D:14     | Found Otaifos Chi's Antique Armour Emporium.
 36287 | D:14     | Bought a scorched cloak for 266 gold pieces
 36298 | D:14     | Identified the +0 cloak of the Thistle {Str-1 Int-1} (You bought it in a shop on level 14 of the Dungeon)
 36308 | D:14     | Bought a pair of glowing gloves for 126 gold pieces
 36772 | D:15     | Entered Level 15 of the Dungeon
 37408 | D:15     | Reached skill level 13 in Fighting
 37893 | D:15     | Found a staircase to the Depths.
 38969 | Orc:2    | Bought a glowing scale mail for 132 gold pieces
 39078 | D:11     | Bought a Young Poisoner's Handbook for 480 gold pieces
 39082 | D:11     | Learned a level 2 spell: Cure Poison
 39228 | Spider:1 | Entered Level 1 of the Spider Nest
 39680 | Shoals:1 | Entered Level 1 of the Shoals
 40090 | Shoals:1 | Noticed Maud
 40115 | Shoals:1 | Killed Maud
 40115 | Shoals:1 | Reached skill level 10 in Charms
 40115 | Shoals:1 | Reached XP level 16. HP: 105/131 MP: 23/23
 40716 | Shoals:1 | Noticed Nikola
 40747 | Shoals:1 | Killed Nikola
 40930 | Lair:1   | Learned a level 1 spell: Infusion
 41023 | Orc:2    | Bought a potion of heal wounds for 65 gold pieces
 41023 | Orc:2    | Bought a potion of curing for 39 gold pieces
 41061 | Orc:4    | Bought a scroll of blinking for 105 gold pieces
 41061 | Orc:4    | Bought a scroll of blinking for 105 gold pieces
 41061 | Orc:4    | Bought a scroll of fear for 49 gold pieces
 41694 | Spider:1 | Learned a level 2 spell: Blink
 41852 | Spider:1 | Reached skill level 1 in Translocations
 42917 | Spider:2 | Got a faintly glowing falchion
 43139 | Spider:2 | Identified the +3 falchion of the Wasteland {flame, MR+ Str+1 Dex+2} (You found it on level 2 of the Spider Nest)
 43187 | Spider:1 | Upgraded the game from 0.16-a0-2675-g216447c to 0.16-a0-2702-gfff482a
 43374 | Spider:2 | Noticed Norris
 43705 | Depths:1 | Entered Level 1 of the Depths
 44272 | Depths:1 | Reached skill level 5 in Long Blades
 46799 | Depths:1 | Found a runed door.
 46867 | Depths:1 | Reached XP level 17. HP: 39/138 MP: 27/27
 47471 | Depths:1 | Noticed a lich
 47667 | Depths:1 | HP: 1/138 [disintegration (43)]
 47668 | Depths:1 | Mangled by a lich

Action                   |  1- 3 |  4- 6 |  7- 9 | 10-12 | 13-15 | 16-18 || total
-------------------------+-------+-------+-------+-------+-------+-------++-------
Melee: Dagger            |   101 |   347 |   648 |   756 |    94 |   331 ||  2277
       Unarmed           |    11 |       |       |       |       |       ||    11
       Rapier            |       |       |    10 |       |       |   175 ||   185
       Short sword       |       |       |    35 |   878 |  2607 |       ||  3520
       Staff             |       |       |       |     4 |       |       ||     4
       Double sword      |       |       |       |       |    85 |    35 ||   120
       Falchion          |       |       |       |       |       |   581 ||   581
 Fire: Hunting sling     |       |   110 |   165 |    19 |     4 |       ||   298
       Blowgun           |       |       |    24 |   154 |    28 |    13 ||   219
Throw: Stone             |    35 |    39 |     2 |       |       |       ||    76
       Tomahawk          |       |       |       |     5 |     7 |       ||    12
       Javelin           |       |       |       |       |    31 |    18 ||    49
 Cast: Infusion          |       |       |       |       |       |     4 ||     4
       Blink             |       |       |       |       |       |     5 ||     5
Evoke: Wand              |       |       |    24 |    14 |     2 |    25 ||    65
  Use: Scroll            |     2 |     8 |    11 |    15 |    12 |     6 ||    54
       Potion            |     1 |     3 |     5 |     6 |    11 |     7 ||    33
 Stab: Sleeping          |     1 |     1 |     4 |    19 |     2 |     2 ||    29
       Distracted        |       |       |       |     5 |     6 |     3 ||    14
       Invisible         |       |       |       |       |     2 |       ||     2
       Paralysed         |       |       |       |       |       |     1 ||     1
  Eat: Chunk             |     2 |    12 |    21 |    34 |    80 |    25 ||   174
       Pizza             |       |     1 |       |     2 |       |       ||     3
       Beef jerky        |       |       |       |       |     1 |       ||     1
